AoeStats
← Tetragamenon11

Arabian Desert

510006691Analyzed
1v1 RM · 5d ago on Sep 29, 2026· 51m 16s· 2 players
Game mode
Random Map
Map size
Tiny (2 player)
Population
200
Speed
Normal
Resources
Standard
Victory
Conquest
Starting age
Dark Age
Ending age
Imperial Age
RankedLock teamsTeams togetherTeam positionsShared explorationLock speedFull tech treeHidden civsTurbo modeCheats
Victory
Defeat
🇵🇪 Inca · Peru
1287
+15
🇳🇴 Magyars · Norway
1260
-15
Krypto
6:34 Loom
10:37 Feudal Age
11:07 Double-Bit Axe
16:04 Wheelbarrow
19:15 Castle Age
21:01 Hand Cart
24:23 Gold Mining
26:37 Bow Saw
28:29 Scale Barding Armor
29:03 Bloodlines
30:25 Chain Barding Armor
32:59 Fletching
41:34 Bodkin Arrow
49:32 Thumb Ring
49:37 Padded Archer Armor
Tetragamenon11
6:29 Loom
9:27 Feudal Age
10:16 Double-Bit Axe
10:15 Champi Runner
19:19 Forging
20:41 Wheelbarrow
19:48 Horse Collar
21:48 Fletching
25:25 Castle Age
23:58 Scale Mail Armor
25:28 Pikeman
26:10 Squires
25:31 Champi Warrior
34:40 Chain Mail Armor
35:22 Iron Casting
43:37 Imperial Age
42:13 Heavy Plow
42:25 Bow Saw
42:08 Stone Mining
42:17 Gold Mining
43:38 Gold Shaft Mining
43:54 Capped Ram
44:16 Halberdier
46:13 Blast Furnace
46:18 Plate Mail Armor
46:49 Elite Champi Warrior
48:32 Fabric Shields
50:07 Conscription
Connection lost

Rejoining the realm…

Still unreachable

The connection could not be restored.

Session expired

The server has moved on; the page needs a fresh start.